 Dungeon Crawl Stone Soup version 0.31.0-12-g77e489cdc1 (webtiles) character file.

Game seed: 3752103018240362554

191 Doomgape the Covered (level 5, -1/34 HPs)
             Began as a Gargoyle Fighter on Feb 12, 2024.
             Slain by a centaur (5 damage)
             ... on level 3 of the Dungeon.
             The game lasted 00:04:42 (1890 turns).

Doomgape the Covered (Gargoyle Fighter)             Turns: 1890, Time: 00:04:43

Health: -1/34      AC: 11    Str: 20 (22) XL:     5   Next: 70%
Magic:  5/5        EV:  9    Int:  5 (8)  God:
Gold:   170        SH:  4    Dex:  6 (9)  Spells: 4/4 levels left

rFire   . . .        a - +0 flail
rCold   . . .        c - +0 buckler
rNeg    + . .        b - +0 scale mail
rPois   ∞            (no helmet)
rElec   +            (no cloak)
rCorr   .            (no gloves)
SInv    .            (no boots)
Will    .....        (no amulet) Stlth
                     (no ring)
HPRegen 0.25/turn    (no ring)
MPRegen 0.09/turn

%: no passive effects
@: no status effects
A: sickness immunity, AC +4, negative energy resistance 1, electricity
resistance, torment resistance 1, petrification resistance
a: no special abilities


You were on level 3 of the Dungeon.
You visited 1 branch of the dungeon, and saw 4 of its levels.

You collected 170 gold pieces.

Inventory:

Hand Weapons
 a - a +0 flail (weapon)
Armour
 b - a +0 scale mail (worn)
 c - a +0 buckler (worn)
Jewellery
 o - a ring of resist corrosion
Scrolls
 g - a scroll of poison
 k - a scroll of fog {unknown}
 l - a scroll of fear {unknown}
 m - a scroll of identify {unknown}
 p - a scroll of enchant armour {unknown}
Potions
 h - a potion of brilliance {unknown}
 i - a potion of cancellation
 j - a potion of magic {unknown}
 n - 2 potions of mutation {unknown}


   Skills:
 + Level 4.4 Fighting
 + Level 3.2 Maces & Flails
 + Level 4.4 Armour
 + Level 4.4 Shields


You had 4 spell levels left.
You didn't know any spells.
Your spell library contained the following spells:

 Spells                   Type           Power      Damage    Failure   Level
 Apportation              Tloc           0%         N/A       87%         1
 Jinxbite                 Hex            0%         N/A       95%         2
 Alistair's Intoxication  Alch           0%         N/A       100%        5


Dungeon Overview and Level Annotations

Branches:
Dungeon (4/15)             Temple (0/1) D:4

Altars:

Annotations:
D:4 Grinder


Innate Abilities, Weirdness & Mutations

You are immune to sickness and miasma.
Your stone body is resilient. (AC +4)
You are immune to poison.
You resist negative energy. (rN+)
You are resistant to electric shocks. (rElec)
You are resistant to unholy torment.
You are immune to petrification.


Message History

The centaur closely misses you.
The centaur kicks you but does no damage.
Unknown command.
You sock the dart slug!
You kill the dart slug!
You hear the slow rusting of a very distant drain.
You hear the slow hiss of a very distant avalanche of sand.
The centaur hits you but does no damage.
The centaur kicks you. The orc barely misses you.
Unknown command.
You hit the orc.
The orc is heavily wounded.
You block the centaur's attack.
The centaur kicks you but does no damage.
The centaur closely misses you. The centaur barely misses you.
You block the orc's attack.
You closely miss the orc.
The orc is heavily wounded.
The centaur barely misses you.
The centaur kicks you but does no damage.
The orc barely misses you. The centaur hits you.
* * * LOW HITPOINT WARNING * * *
The centaur kicks you.
* * * LOW HITPOINT WARNING * * *
You sock the orc!
You kill the orc!
The centaur hits you.
* * * LOW HITPOINT WARNING * * *
You block the centaur's attack.
The centaur hits you but does no damage.
The centaur closely misses you. The centaur hits you.
* * * LOW HITPOINT WARNING * * *
The centaur kicks you but does no damage.
You climb upwards.
There is a stone staircase leading down here.
Unknown command.
It was a potion of cancellation.
You feel magically purged. The centaur hits you.
You die...

.#..<.#.#.#..#.#.#.........#
.#....#.#.#..#.#.#.........#
......#.#.####.#.#.........#
......#.#......#.#.........#
......#.########.#.........#
.................#....)....#
###########..#.##....#######
......# ##...c..##.# ......#
###..@.##)# ......#
###########'## ....(.#
#............#
......####............#
......')..............#
#.....####............#
####### #...........<#
##########............#
......................#


You could see a centaur.

Vanquished Creatures
  A centaur (D:3)
  4 adders
  4 gnolls (D:3)
  2 dart slugs
  3 orcs (D:4)
  2 endoplasms
  2 goblins
  5 hobgoblins
  A quokka (D:3)
  2 ball pythons
  2 bats (D:1)
  A frilled lizard (D:1)
  6 kobolds
  3 rats
38 creatures vanquished.

Vanquished Creatures (others)
  An orc wizard (D:4)
1 creature vanquished.

Grand Total: 39 creatures vanquished

Notes
Turn   | Place    | Note
-------+----------+-------------------------------------------
     0 | D:1      | Doomgape the Gargoyle Fighter began the quest for the Orb.
     0 | D:1      | Reached XP level 1. HP: 14/14 MP: 1/1
   154 | D:1      | Found a faded altar of an unknown god.
   240 | D:1      | Reached XP level 2. HP: 19/19 MP: 2/2
   795 | D:2      | Reached XP level 3. HP: 19/23 MP: 3/3
  1049 | D:3      | Reached XP level 4. HP: 9/29 MP: 4/4
  1602 | D:3      | Noticed a centaur
  1617 | D:3      | Killed a centaur
  1618 | D:3      | Reached XP level 5. HP: 13/34 MP: 5/5
  1842 | D:4      | Noticed Grinder
  1842 | D:4      | Found a staircase to the Ecumenical Temple.
  1843 | D:4      | Paralysed by Grinder for 4 turns
  1844 | D:4      | Noticed a centaur
  1866 | D:4      | Paralysed by Grinder for 5 turns
  1890 | D:3      | Slain by a centaur

Illustrated notes

Levels and vault maps discovered:
D:1:      nzn_arrival_settlement, layout_basic, basic_ecumenical_altar
D:2:      layout_basic
D:3:      layout_basic, minivault_5
D:4:      corexii_shack_village, layout_loops_ring, dancing_weapons_uskayaw,
          minmay_temple_entry_crystal_x, enter_ossuary_5,
          cheibrodos_sewer_entry_drain, kennysheep_flooded_box, ldierk_geyser,
          nicolae_alphabet_shops, uniq_grinder, uniq_natasha,
          uniq_crazy_yiuf_cottage

Skill      XL: |  1  2  3  4 |
---------------+-------------+-----
Shields        | 4 |  4.4
Armour         | 4 |  4.4
Fighting       | 4 |  4.4
Maces & Flails | 3 |  3.2

Action                     |  1- 3 |  4- 6 || total
---------------------------+-------+-------++-------
  Melee: Flail             |    73 |    74 ||   147
    Use: Scroll            |     1 |     1 ||     2
         Potion            |     1 |     7 ||     8
 Armour: Scale mail        |    63 |   107 ||   170
         Skin              |       |    79 ||    79
  Dodge: Dodged            |    31 |    65 ||    96
  Block: Buckler           |    17 |    31 ||    48
